 Dungeon Crawl Stone Soup version 0.27.1-35-g4d5d836560 (webtiles) character file.

Game seed: 1563533971759518790

139 Delamore the Sneak (level 5, 0/37 HPs)
             Began as an Octopode Brigand on June 21, 2022.
             Succumbed to an orc wizard's poison
             ... on level 4 of the Dungeon.
             The game lasted 00:02:28 (3091 turns).

Delamore the Sneak (Octopode Brigand)               Turns: 3091, Time: 00:02:29

Health: 0/37       AC:  1    Str: 10    XL:     5   Next: 22%
Magic:  5/5        EV: 14    Int: 14    God:
Gold:   130        SH:  5    Dex: 14    Spells: 4/4 levels left

rFire    . . .     SeeInvis .   a - +2 dagger
rCold    . . .     Faith    .   (no shield)
rNeg     . . .     Spirit   .   (helmet restricted)
rPois    .         Reflect  +   k - amulet of reflection
rElec    .         Harm     .   (no ring)
rCorr    .         Rampage  .   (no ring)
Will     .....                  (no ring)
Stlth    ++++......             (no ring)
HPRegen  0.12/turn              (no ring)
MPRegen  0.09/turn              (no ring)
                                (no ring)
                                (no ring)

@: lethally poisoned (0 -> -10)
A: almost no armour, amphibious, 8 rings, camouflage 1, gelatinous body 1,
(nimble swimmer 1), tentacles
a: no special abilities


You were on level 4 of the Dungeon.
You visited 1 branch of the dungeon, and saw 4 of its levels.

You collected 130 gold pieces.

Inventory:

Hand Weapons
 a - a +2 dagger (weapon)
Missiles
 b - 14 poisoned darts (quivered)
 c - 2 curare-tipped darts
Jewellery
 i - a ring of fire
 k - an amulet of reflection (around mantle)
Scrolls
 d - a scroll of blinking {unknown}
 e - a scroll of enchant weapon {unknown}
 f - a scroll of magic mapping {unknown}
 j - a scroll of enchant armour
 m - a scroll of silence {unknown}
 p - a scroll of amnesia {unknown}
Potions
 g - a potion of degeneration {unknown}
 h - a potion of magic {unknown}
 l - a potion of heal wounds {unknown}
 n - a potion of lignification {unknown}
 o - a potion of brilliance {unknown}


   Skills:
 + Level 3.9 Fighting
 - Level 2.0 Short Blades
 - Level 2.0 Throwing
 + Level 3.4 Dodging
 - Level 5.3 Stealth


You had 4 spell levels left.
You didn't know any spells.
Your spell library contained the following spells:

 Spells                   Type           Power      Damage    Failure   Level
 Gell's Gravitas          Tloc           0%         N/A       65%         3
 Lesser Beckoning         Tloc           0%         N/A       65%         3
 Teleport Other           Tloc           0%         N/A       65%         3


Dungeon Overview and Level Annotations

Branches:
Dungeon (4/15)
 Temple: D:4-7

Altars:
The Shining One

Shops:
D:3 (


Innate Abilities, Weirdness & Mutations

You cannot wear most types of armour.
You are amphibious.
You can wear up to eight rings at the same time.
Your skin changes colour to match your surroundings (Stealth+).
Your rubbery body absorbs attacks. (AC +1, EV +1)
((You are camouflaged near water. (Stealth+)))
You have tentacles for arms and can constrict up to eight enemies at once.


Message History

The orc wizard is moderately wounded.
You feel very sick.
The orc wizard hits you with a +0 dagger.
The orc wizard gestures wildly while chanting.
The orc wizard flickers and vanishes!
Deactivating autopickup; reactivate with Ctrl-A.
You hit the orc wizard. Your grab misses the orc wizard.
The orc wizard is moderately wounded.
You feel sick. You block the orc wizard's attack.
You are too injured to fight recklessly!
You are too injured to fight recklessly!
You are too injured to fight recklessly!
You are too injured to fight recklessly!
You hit something. You squeeze something.
You feel sick. Something hits you.
You closely miss the orc wizard. You grab the orc wizard.
The orc wizard is moderately wounded.
You constrict the orc wizard.
You feel sick. The orc wizard misses you. Something hits you.
* * * LOW HITPOINT WARNING * * *
You are lethally poisoned!
The orc wizard casts a spell.
The orc wizard flickers and vanishes!
You hit the orc wizard but do no damage.
The orc wizard is moderately wounded.
You constrict the orc wizard, but do no damage.
* * * LOW HITPOINT WARNING * * *
You feel very sick.
Reactivating autopickup.
You feel a bit more experienced. The orc wizard closely misses you.
You have reached level 5!
You feel clever.
Okay, then.
You release your grip on the orc wizard.
* * * LOW HITPOINT WARNING * * *
You feel very sick. The orc wizard closely misses you.
You block something's attack.
Deactivating autopickup; reactivate with Ctrl-A.
Things that are here:
a +1 dagger of venom; a +0 robe You closely miss something.
You die...

....#...#........#
....'...#........#
....#...##.......#
....###'##.......#
....#...'........#
....#..)##...##..#
....#...##..)#######+###
....#...+....(#........#
....+...#.....)(@......#
....#...#.....#.o{.....#
....#...#.....#...(....#
....#...#.....#.......<#
....#...##..###...##...#
....# #..# ###+# ...#
....# #.. ... ....# ...
.. ....#


You could see an orc wizard.

Vanquished Creatures
  2 orc wizards
  2 adders (D:3)
  An ufetubus (D:3)
  5 orcs
  2 bats
  9 endoplasms
  5 giant cockroaches
  5 hobgoblins
  7 kobolds
  5 quokkas
  6 ball pythons
  A frilled lizard (D:3)
  4 goblins
  2 rats (D:1)
56 creatures vanquished.

Notes
Turn   | Place    | Note
-------+----------+-------------------------------------------
     0 | D:1      | Delamore the Octopode Brigand began the quest for the Orb.
     0 | D:1      | Reached XP level 1. HP: 14/14 MP: 1/1
   349 | D:1      | Reached XP level 2. HP: 20/20 MP: 2/2
   851 | D:1      | Reached XP level 3. HP: 25/25 MP: 3/3
  1359 | D:2      | Reached XP level 4. HP: 25/31 MP: 4/4
  1984 | D:3      | Found Xopte's Antique Weapon Shop.
  2055 | D:3      | Found a faded altar of an unknown god.
  2307 | D:3      | Found a glowing golden altar of the Shining One.
  3090 | D:4      | Reached XP level 5. HP: 5/37 MP: 5/5
  3091 | D:4      | Succumbed to an orc wizard's poison

Illustrated notes

Levels and vault maps discovered:
D:1:      ncdulo_smallfort, layout_basic, serial_rivers,
          chequers_serial_rivers_micro_c, chequers_serial_rivers_micro_e,
          chequers_serial_rivers_room_a, chequers_serial_rivers_room_b,
          chequers_serial_rivers_large_a, chequers_serial_rivers_room_a,
          st_stairs_6
D:2:      layout_loops_ring, minmay_misc_feat_diagonals
D:3:      layout_loops_cross, tso_altar, serial_shops, shop,
          basic_ecumenical_altar, grunt_decor_arrowhead, grunt_decor_fettered,
          minmay_quadrilaterals
D:4:      layout_gridville, grunt_dithmenos_smoke_and_mirrors

Skill      XL: |  1  2  3  4 |
---------------+-------------+-----
Dodging        | 2 3 |  3.4
Fighting       | 3 |  3.9
Short Blades   | |  2.0
Throwing       | |  2.0
Stealth        | |  5.3

Action                   |  1- 3 |  4- 6 || total
-------------------------+-------+-------++-------
Melee: Dagger            |    51 |    52 ||   103
       Constrict         |    12 |    10 ||    22
       Tentacles         |     7 |     9 ||    16
Throw: Dart              |       |     4 ||     4
  Use: Scroll            |       |     1 ||     1
 Stab: Sleeping          |     7 |    14 ||    21
Armor: Skin              |       |     5 ||     5
Dodge: Dodged            |    29 |    24 ||    53
Block: Other             |       |    10 ||    10
